 Dungeon Crawl Stone Soup version 0.22-a0-423-g4197694 (webtiles) character file.

59688 Kairos the Peltast (level 14, -4/129 HPs)
             Began as a Deep Dwarf Fighter on May 23, 2018.
             Was the Champion of Makhleb.
             Slain by a jumping spider (7 damage)
             ... on level 2 of the Spider Nest.
             The game lasted 01:03:52 (17079 turns).

Kairos the Peltast (Deep Dwarf Fighter)            Turns: 17079, Time: 01:03:54

Health: -4/129     AC: 15    Str: 27    XL:     14   Next: 54%
Magic:  13/13      EV:  4    Int: 11    God:    Makhleb [******]
Gold:   870        SH: 33    Dex: 13    Spells: 13/13 levels left

rFire    . . .     SeeInvis .   U - +2 war axe of Temperance {chop, +Fly}
rCold    . . .     Gourm    .   d - +18 shield of the Gong {rElec rN+ MR+ EV-5}
rNeg     + + .     Faith    +   k - +0 plate armour
rPois    +         Spirit   .   B - +0 helmet
rElec    +         Reflect  .   S - scarf {cloud immunity}
rCorr    .         Harm     .   (no gloves)
MR       +++..                  (no boots)
Stlth    ..........             r - amulet of faith
HPRegen  0.00/turn              M - ring of poison resistance
MPRegen  0.13/turn              O - +5 ring of strength

@: non-regenerating
A: damage resistance, heal wounds, negative energy resistance 1, sense
surroundings 2, no regeneration
a: Heal Wounds, Minor Destruction, Lesser Servant of Makhleb, Major Destruction,
Greater Servant of Makhleb, Renounce Religion, Evoke Flight


You were on level 2 of the Spider Nest.
You worshipped Makhleb.
Makhleb was exalted by your worship.
You were very hungry.

You visited 4 branches of the dungeon, and saw 18 of its levels.

You collected 870 gold pieces.

Inventory:

Hand Weapons
 h - the +4 hunting sling of Vodka {flame, rN+ Int+4 Dex-3}
   (You found it on level 9 of the Dungeon)

   It causes projectiles fired from it to burn those they strike, causing extra
   injury to most foes and up to half again as much damage against particularly
   susceptible opponents.
   It affects your intelligence (+4).
   It affects your dexterity (-3).
   It protects you from negative energy.
 i - a +2 mace of protection
 n - a +4 flail of crushing
 F - a +6 war axe
 U - the +2 war axe of Temperance (weapon) {chop, +Fly}
   (You found it on level 6 of the Lair of Beasts)

   It inflicts extra damage upon your enemies.
   It lets you fly.
Missiles
 g - 122 sling bullets
Armour
 d - the +18 shield of the Gong (worn) {rElec rN+ MR+ EV-5}
   (You found it on level 8 of the Dungeon)

   It affects your evasion (-5).
   It insulates you from electricity.
   It protects you from negative energy.
   It affects your resistance to hostile enchantments.
 k - a +0 plate armour (worn)
 B - a +0 helmet (worn)
 S - a scarf of cloud immunity (worn)
Jewellery
 b - an uncursed ring of flight
 r - an amulet of faith (around neck)
 x - a +2 ring of evasion
 M - a ring of poison resistance (left hand)
 O - a +5 ring of strength (right hand)
Wands
 a - a wand of disintegration (11)
 m - a wand of digging (5)
 v - a wand of random effects (27)
 y - a wand of acid (18)
 K - a wand of polymorph (9)
 P - a wand of flame (11)
 X - a wand of iceblast (5)
 Y - a wand of enslavement (16)
Scrolls
 e - 8 scrolls of teleportation
 j - 3 scrolls of identify
 l - 3 scrolls of magic mapping
 q - a scroll of enchant armour
 s - 5 scrolls of remove curse
 A - 2 scrolls of amnesia
 H - a scroll of silence
 L - 2 scrolls of blinking
 N - a scroll of immolation
 Q - a scroll of fog
Potions
 c - a potion of ambrosia
 o - a potion of might
 p - 4 potions of haste
 t - 4 potions of resistance
 u - 3 potions of agility
 w - a potion of lignification
 z - 3 potions of curing
 C - a potion of magic
 G - 2 potions of flight {unknown}
 I - a potion of cancellation {unknown}
 J - 2 potions of berserk rage {unknown}
 R - a potion of brilliance
 W - a potion of heal wounds
Comestibles
 f - 33 rations
 D - 2 chunks of flesh


   Skills:
 + Level 9.5 Fighting
 + Level 14.7(15.8) Axes
 + Level 9.6(12.8) Maces & Flails
 + Level 1.3 Slings
 + Level 9.9 Armour
 + Level 3.1 Dodging
 + Level 0.6 Stealth
 + Level 15.7 Shields
 + Level 0.7 Evocations


You had 13 spell levels left.
You didn't know any spells.
Your spell library contained the following spells:

 Spells                   Type           Power        Failure   Level  Hunger
 Cause Fear               Hex            #.........   100%        4    #####..
 Magic Dart               Conj           #...         97%         1    ##.....
 Slow                     Hex            #.......     99%         2    ###....
 Mephitic Cloud           Conj/Pois/Air  #.......     100%        3    ####...
 Venom Bolt               Conj/Pois      #.........   100%        5    ######.
 Olgreb's Toxic Radiance  Pois           #.......     100%        4    #####..
 Iskenderun's Mystic Bla  Conj           #.......     100%        4    #####..
 Animate Dead             Necr           N/A          100%        4    #####..
 Pain                     Necr           #...         97%         1    ##.....
 Animate Skeleton         Necr           N/A          97%         1    ##.....
 Vampiric Draining        Necr           #.........   100%        3    ####...
 Regeneration             Chrm/Necr      #.........   100%        3    ####...
 Sting                    Conj/Pois      #...         97%         1    ##.....
 Sublimation of Blood     Necr           #.........   99%         2    ###....
 Stone Arrow              Conj/Erth      #.....       100%        3    ####...
 Passwall                 Tmut/Erth      #.........   99%         2    ###....
 Ignite Poison            Fire/Tmut/Pois #.......     100%        3    ####...
 Corona                   Hex            #......      97%         1    ##.....
 Alistair's Intoxication  Tmut/Pois      #.......     100%        5    ######.
 Lee's Rapid Deconstruct  Erth           #.........   100%        5    ######.
 Sandblast                Erth           #.....       97%         1    ##.....
 Portal Projectile        Hex/Tloc       #.....       100%        3    ####...
 Petrify                  Tmut/Erth      #.......     100%        4    #####..
 Leda's Liquefaction      Hex/Erth       #.........   100%        4    #####..
 Inner Flame              Hex/Fire       #.......     100%        3    ####...
 Fulminant Prism          Conj/Hex       #.........   100%        4    #####..
 Dazzling Spray           Conj/Hex       #.....       100%        3    ####...
 Force Lance              Conj/Tloc      #.......     100%        4    #####..
 Searing Ray              Conj           #.....       99%         2    ###....
 Irradiate                Conj/Tmut      #.........   100%        5    ######.
 Poisonous Vapours        Pois/Air       #.....       99%         2    ###....


Dungeon Overview and Level Annotations

Branches:
Dungeon (9/15)             Temple (1/1) D:7            Lair (6/6) D:9
  Swamp (0/4) Lair:3       Spider (2/4) Lair:3        Slime (0/5) Lair:5
    Orc: D:9-12

Altars:
Ashenzari
Cheibriados
Dithmenos
Elyvilon
Fedhas
Gozag
Hepliaklqana
Kikubaaqudgha
Makhleb
Nemelex Xobeh
Okawaru
Qazlal
Ru
Sif Muna
Trog
Uskayaw
Vehumet
Wu Jian
Xom
Yredelemnul
Zin
The Shining One
Jiyva

Shops:
D:6 [

Annotations:
D:4 CapnJeff's ghost, amateur DrWr
Lair:1 exclusion: 2 oklob plants


Innate Abilities, Weirdness & Mutations

You are resistant to damage.
You can heal yourself by infusing magical energy.
You resist negative energy. (rN+)
You passively map the area around you.
You do not regenerate.


Message History

You block the jumping spider's attack.
PTOANNNG!
The orb spider begins to weave its threads into a brightly glowing ball.
You block the jumping spider's attack.
BOUMMMMG!
The jumping spider bites you.
You hear an angry hiss.
You hear an angry buzzing noise. x2
You hit the jumping spider but do no damage.
You hit the wolf spider. You slash the jumping spider!
You hit the jumping spider. You block the wolf spider's attack.
SHROANNG!
You block the wolf spider's attack.
GONNNNG!
The jumping spider pounces on you but does no damage.
You block the jumping spider's attack.
BONNNG!
The jumping spider pounces on you!
* * * LOW HITPOINT WARNING * * *
The jumping spider bites you. The jumping spider pounces on you!
You die...

, , , ..#............... , *
..≈!.............., , ,, ,
,^.≈....^..........< , , , , ,
.....................,, , , ,
..................(.., *
...............).....
..............................
................s......>.^....
...............s@.............
.≈........§.....ss....#....... ,
#≈≈.....s.#................... ,
..≈.......#.s..#..............
.............ss##§............ ,
................≈≈≈...........
.....#s.........#≈##..........,
.....##..###§....≈##≈.#.......,,
#.≈s..# ##s......≈###≈≈.......


You could see a demonic crawler, a wolf spider, an orb spider and 4 jumping
spiders.

Vanquished Creatures
  5 hydras
  A catoblepas (Lair:6)
  2 two-headed ogres
  3 death yaks (Lair:6)
  A deep troll shaman (Lair:6)
  6 orb spiders (Spider:1)
  2 lindwurms
  9 wolf spiders
  21 elephants
  A black mamba (Lair:5)
  A torpor snail (Lair:5)
  14 spiny frogs
  11 komodo dragons
  6 rime drakes
  2 demonic crawlers
  A polar bear (Lair:3)
  8 jumping spiders
  3 meliai (Lair:5)
  4 hornets (D:8)
  A queen bee (Lair:5)
  14 blink frogs
  11 dream sheep (Lair:6)
  2 hippogriffs
  24 redbacks
  A vampire (D:8)
  A shadow (D:7)
  13 tarantellas (Spider:1)
  26 yaks
  4 wyverns
  Grum (D:8)
  3 basilisks
  A soldier ant (D:8)
  4 insubstantial wisps (Lair:3)
  11 water moccasins
  6 porcupines
  An orc warrior (D:6)
  3 phantoms
  3 black bears (Lair:6)
  2 sky beasts
  A necrophage (D:9)
  6 wolves
  A centaur (D:6)
  5 ogres
  15 crocodiles
  A big kobold (D:9)
  10 bullfrogs
  A wyvern skeleton (D:9)
  3 scorpions
  38 killer bees
  5 wights (D:7)
  An electric eel (Spider:2)
  9 howler monkeys
  2 crimson imps
  2 quasits
  4 hounds
  An orc priest (D:9)
  3 bullfrog skeletons
  Jessica (D:2)
  4 iguanas
  2 orc wizards (D:7)
  Ijyb (D:3)
  Terence (D:2)
  7 worker ants
  A hound skeleton (D:5)
  A worker ant zombie (D:9)
  7 gnolls
  14 adders
  2 shadow imps
  A white imp (D:4)
  An ooze (D:3)
  2 adder skeletons
  2 worms
  2 dart slugs
  9 leopard geckos
  19 orcs
  A ball python (D:3)
  9 bats
  4 giant cockroaches
  9 hobgoblins
  7 jackals
  10 kobolds
  6 quokkas
  6 frilled lizards
  9 goblins
  A goblin zombie (D:4)
  A hobgoblin zombie (D:4)
  A jackal skeleton (D:9)
  2 kobold skeletons (D:4)
  3 kobold zombies (D:4)
  A leopard gecko zombie (D:5)
  An orc skeleton (D:4)
  3 quokka zombies
  16 rats
  A bush (Lair:2)
  A butterfly (Lair:2)
  3 fungi (Lair:4)
  2 plants (Lair:6)
515 creatures vanquished.

Vanquished Creatures (others)
  34 fungi
  26 plants
60 creatures vanquished.

Grand Total: 575 creatures vanquished

Notes
Turn   | Place    | Note
-------+----------+-------------------------------------------
     0 | D:1      | Kairos the Deep Dwarf Fighter began the quest for the Orb.
     0 | D:1      | Reached XP level 1. HP: 20/20 MP: 1/1
   168 | D:1      | Reached XP level 2. HP: 26/28 MP: 2/2
   607 | D:2      | Reached XP level 3. HP: 20/34 MP: 3/3
   797 | D:2      | Noticed Terence
   830 | D:2      | Killed Terence
   830 | D:2      | Reached skill level 4 in Shields
   830 | D:2      | Reached XP level 4. HP: 15/42 MP: 4/4
   856 | D:2      | Noticed Jessica
   864 | D:2      | Killed Jessica
   868 | D:2      | Reached skill level 1 in Maces & Flails
   868 | D:2      | Reached skill level 1 in Dodging
  1232 | D:3      | Reached XP level 5. HP: 46/49 MP: 5/5
  1654 | D:3      | Noticed an ogre
  1663 | D:3      | Killed an ogre
  1663 | D:3      | Reached XP level 6. HP: 48/56 MP: 6/6
  1753 | D:3      | Noticed Ijyb
  1771 | D:3      | Killed Ijyb
  2517 | D:4      | Reached skill level 5 in Shields
  2598 | D:4      | Noticed CapnJeff's ghost (amateur DrWr)
  2599 | D:4      | Found a glowing golden altar of the Shining One.
  2610 | D:4      | Reached XP level 7. HP: 45/63 MP: 7/7
  3175 | D:5      | Entered Level 5 of the Dungeon
  3341 | D:5      | Reached skill level 5 in Maces & Flails
  3447 | D:5      | Found an ornate altar of the Wu Jian Council.
  3447 | D:5      | Found a radiant altar of Vehumet.
  3499 | D:5      | Reached XP level 8. HP: 38/72 MP: 8/8
  3577 | D:5      | Reached skill level 5 in Armour
  3870 | D:5      | Noticed a moth of wrath
  3873 | D:5      | Found a bloodstained altar of Trog.
  4588 | D:6      | Reached skill level 6 in Shields
  4713 | D:6      | Found Ciraif's Antique Armour Emporium.
  5930 | D:7      | Reached skill level 7 in Shields
  6019 | D:7      | Gained mutation: You passively map the area around you. [Deep Dwarf growth]
  6019 | D:7      | Reached XP level 9. HP: 19/80 MP: 9/9
  6268 | D:7      | Found a staircase to the Ecumenical Temple.
  6374 | Temple   | Entered the Ecumenical Temple
  6487 | Temple   | Became a worshipper of Makhleb the Destroyer
  6756 | D:8      | Reached skill level 5 in Fighting
  6937 | D:8      | HP: 3/81 [vampire/vampiric draining (2)]
  6954 | D:8      | Noticed a two-headed ogre
  6960 | D:8      | Killed a two-headed ogre
  6960 | D:8      | Reached skill level 8 in Shields
  7028 | D:8      | Noticed Grum
  7059 | D:8      | Killed Grum
  7111 | D:8      | Found the +18 shield of the Gong {rElec rN+ MR+ EV-5}
  7247 | D:8      | Reached * piety under Makhleb
  7247 | D:8      | Reached XP level 10. HP: 39/90 MP: 9/9
  7270 | D:8      | Paralysed by a hornet for 1 turns
  7296 | D:8      | Reached skill level 9 in Shields
  7572 | D:8      | Found a snail-covered altar of Cheibriados.
  7752 | D:9      | Noticed a two-headed ogre
  7856 | D:9      | Reached skill level 5 in Axes
  7921 | D:9      | Killed a two-headed ogre
  7921 | D:9      | Reached skill level 10 in Shields
  8129 | D:9      | Found a hide-covered altar of Uskayaw.
  8135 | D:9      | Got a bone hunting sling
  8144 | D:9      | Identified the +4 hunting sling of Vodka {flame, rN+ Int+4 Dex-3} (You found it on level 9 of the Dungeon)
  8922 | D:9      | Found a staircase to the Lair.
  9079 | Lair:1   | Entered Level 1 of the Lair of Beasts
  9152 | Lair:1   | Noticed a spiny frog
  9162 | Lair:1   | Killed a spiny frog
  9162 | Lair:1   | Reached XP level 11. HP: 27/97 MP: 10/10
  9163 | Lair:1   | Noticed an oklob plant
  9163 | Lair:1   | Noticed an oklob plant
  9280 | Lair:1   | Reached ** piety under Makhleb
 10051 | Lair:2   | Reached skill level 11 in Shields
 10057 | Lair:2   | Reached skill level 1 in Slings
 10812 | Lair:3   | Noticed a six-headed hydra
 11414 | Lair:3   | Found a hole to the Spider Nest.
 11431 | Lair:3   | Reached skill level 10 in Axes
 11572 | Lair:3   | Reached *** piety under Makhleb
 11623 | Lair:3   | Reached XP level 12. HP: 50/109 MP: 11/11
 11835 | Lair:3   | Reached skill level 12 in Shields
 12239 | Lair:3   | Found a staircase to the Swamp.
 13150 | Lair:5   | Noticed a five-headed hydra
 13249 | Lair:5   | You fall through a shaft!
 13249 | Lair:6   | Entered Level 6 of the Lair of Beasts
 13429 | Lair:5   | Reached **** piety under Makhleb
 13531 | Lair:5   | Reached skill level 13 in Shields
 13694 | Lair:5   | Killed a five-headed hydra
 13785 | Lair:5   | Reached ***** piety under Makhleb
 13828 | Lair:5   | Reached XP level 13. HP: 117/117 MP: 12/12
 13970 | Lair:5   | Found a viscous altar of Jiyva.
 13971 | Lair:5   | Found a staircase to the Slime Pits.
 14172 | Lair:5   | Found a radiant altar of Vehumet.
 14654 | Lair:6   | Reached skill level 14 in Shields
 15050 | Lair:6   | Reached ****** piety under Makhleb
 15218 | Lair:6   | Found a blossoming altar of Fedhas.
 15344 | Lair:6   | Got a translucent war axe
 15345 | Lair:6   | Identified the +2 war axe of Temperance {chop, +Fly} (You found it on level 6 of the Lair of Beasts)
 15758 | Lair:6   | Reached skill level 15 in Shields
 15758 | Lair:6   | Gained mutation: You resist negative energy. (rN+) [Deep Dwarf growth]
 15758 | Lair:6   | Reached XP level 14. HP: 116/129 MP: 13/13
 16116 | Spider:1 | Entered Level 1 of the Spider Nest
 16970 | Spider:1 | You fall through a shaft!
 17079 | Spider:2 | HP: 3/129 [jumping spider (5)]
 17079 | Spider:2 | Slain by a jumping spider

Vault maps used:
D:1:      minmay_arrival_widening_spiral_wide
D:2:      serial_bayou_lake_a, uniq_terence, uniq_jessica
D:3:      first_ration, minmay_ruptured, uniq_ijyb
D:4:      nicolae_tso_besieged_by_evil, serial_park_tiny_2,
          kennysheep_generic_room_5
D:5:      tgw_trog, gammafunk_temple_overflow_wave
D:6:      serial_shops, shop
D:7:      minmay_temple_entry_purple_smoke
D:8:      cheibriados_altar_1, hangedman_pestilent_swarm, uniq_grum
D:9:      eat_drink_and_be_merry_uskayaw, david_lair_shrubbed
Temple:   regret_index_temple_sphere_string
Lair:1:   minmay_lair_oklob_chamber, grunt_megastairs_5,
          infiniplex_staircase_pool_2, serial_bayou_shore_a
Lair:2:   lemuel_fruit_fields
Lair:3:   minmay_swamp_entry_wisps, spider_nest_entry_a,
          infiniplex_staircase_pool
Lair:4:   disabler_island, serial_bayou_shore_b
Lair:5:   regret_index_combs_of_tragedy, slime_altar_1, basic_altar
Lair:6:   grunt_lair_end_beastmaster, basic_altar
Spider:2: hive_lemuel, uniq_roxanne

Skill      XL: |  1  2  3  4  5  6  7  8  9 10 11 12 13 14 |
---------------+-------------------------------------------+-----
Fighting       | 3 4 5 6 7 8 9 |  9.5
Shields        | 4 5 7 8 10 11 13 15 | 15.7
Axes           | 3 7 10 12 13 14 | 14.7
Maces & Flails | 1 2 4 5 7 9 |  9.6
Armour         | 4 5 6 8 9 |  9.9
Dodging        | 1 2 3 |  3.1
Slings         | 1 |  1.3
Stealth        | |  0.6
Evocations     | |  0.7

Action                   |  1- 3 |  4- 6 |  7- 9 | 10-12 | 13-15 || total
-------------------------+-------+-------+-------+-------+-------++-------
Melee: War axe           |    60 |       |    11 |   930 |   703 ||  1704
       Mace              |    34 |   226 |   591 |    19 |    47 ||   917
 Fire: Hunting sling     |       |       |       |    11 |       ||    11
 Abil: Heal Wounds       |       |       |     5 |     4 |       ||     9
Evoke: Wand              |       |       |       |     5 |     3 ||     8
  Use: Potion            |       |     5 |     5 |     3 |     4 ||    17
       Scroll            |       |       |     2 |    20 |     3 ||    25
 Stab: Petrified         |       |       |       |       |     1 ||     1
  Eat: Chunk             |       |     6 |     9 |     7 |     9 ||    31
       Ration            |       |       |     2 |     5 |       ||     7
Armor: Scale mail        |    50 |     4 |       |       |       ||    54
       Chain mail        |       |    28 |       |       |       ||    28
       Plate armour      |       |   103 |   298 |   204 |   245 ||   850
Dodge: Dodged            |    36 |    48 |   104 |    23 |    37 ||   248
Block: Shield            |    47 |   133 |   325 |  1218 |   913 ||  2636

Table legend:
 A = Spawn XP
 B = Non-spawn XP
 C = Spawn XP percentage of total XP
 D = Spawn monster count
 E = Non-spawn monster count
 F = Spawn count percentage of total count
 G = Total turns spent on level
                    A         B        C        D         E        F      G
               +---------+---------+-------+---------+---------+-------+---------
         Total |       0 |   85269 |   0.0 |       0 |     508 |   0.0 | 17079
               +---------+---------+-------+---------+---------+-------+---------
           D:1 |       0 |      31 |   0.0 |       0 |      20 |   0.0 |   601
           D:2 |       0 |     151 |   0.0 |       0 |      28 |   0.0 |   675
           D:3 |       0 |     297 |   0.0 |       0 |      35 |   0.0 |  1345
           D:4 |       0 |     597 |   0.0 |       0 |      26 |   0.0 |   894
           D:5 |       0 |     619 |   0.0 |       0 |      26 |   0.0 |  1286
           D:6 |       0 |     556 |   0.0 |       0 |      11 |   0.0 |  1010
           D:7 |       0 |     950 |   0.0 |       0 |      24 |   0.0 |  1088
           D:8 |       0 |    3659 |   0.0 |       0 |      36 |   0.0 |  1199
           D:9 |       0 |    3943 |   0.0 |       0 |      34 |   0.0 |   842
        Lair:1 |       0 |    2840 |   0.0 |       0 |      12 |   0.0 |   900
        Lair:2 |       0 |    5689 |   0.0 |       0 |      22 |   0.0 |  1426
        Lair:3 |       0 |    5883 |   0.0 |       0 |      23 |   0.0 |  1132
        Lair:4 |       0 |    2240 |   0.0 |       0 |      11 |   0.0 |   746
        Lair:5 |       0 |   14305 |   0.0 |       0 |      73 |   0.0 |  1294
        Lair:6 |       0 |   24056 |   0.0 |       0 |      66 |   0.0 |  1539
      Spider:1 |       0 |   17712 |   0.0 |       0 |      56 |   0.0 |   854
      Spider:2 |       0 |    1741 |   0.0 |       0 |       5 |   0.0 |   109
               +---------+---------+-------+---------+---------+-------+---------
